MWL (24 & UNDER)
BEMIDJI BENDERS @ PLUMSTEAD EAGLES
08/04/2023
 
TOP OF THE 1ST
Bemidji Benders batting - Pitching for Plumstead Eagles : LHP Armando Rodríguez
Pitching: LHP Armando Rodríguez
Batting: RHB António López 0-0: Called Strike
0-1: Reached on error, E6 (Groundball, 6)
Batting: RHB Juan Costello 0-0: Ball
1-0: Ball
2-0: Foul Ball, location: 2F
2-1: Fly out, F9 (Flyball, 89M)
Batting: SHB Edgardo Osorio 0-0: Foul Ball, location: 2F
0-1: Ball
1-1: Ball
2-1: Fly out, F7 (Flyball, 78M)
Batting: RHB Alfredo López 0-0: Ball
1-0: Ball
2-0: Called Strike
2-1: Ball
3-1: Base on Balls
António López to second
Batting: RHB Ángel Garza 0-0: Ball
1-0: Ground out 5-3 (Groundball, 56)
Top of the 1st over - 0 run(s), 0 hit(s), 1 error(s), 2 left on base; Bemidji 0 - Plumstead 0
BOTTOM OF THE 1ST
Plumstead Eagles batting - Pitching for Bemidji Benders : LHP David Taylor
Pitching: LHP David Taylor
Batting: RHB Tim Gardner 0-0: Foul Ball, location: 2F
0-1: Ball
1-1: Reached on error, E4 (Groundball, 4)
Batting: RHB Norogumi Tanaka 0-0: Ball
1-0: Called Strike
1-1: Ball
2-1: SINGLE (Line Drive, 34)
Tim Gardner to second
Batting: LHB Eduardo Rodríguez 0-0: Ball
1-0: Grounds into double play, 1-4-3 (Groundball, 25)
Tim Gardner to third
Batting: RHB Germano Labrego 0-0: Fly out, F3 (Popup, 3SF)
Bottom of the 1st over - 0 run(s), 1 hit(s), 1 error(s), 1 left on base; Bemidji 0 - Plumstead 0
TOP OF THE 2ND
Bemidji Benders batting - Pitching for Plumstead Eagles : LHP Armando Rodríguez
Batting: RHB George Cox 0-0: Swinging Strike
0-1: Ball
1-1: Called Strike
1-2: Ball
2-2: Strikes out looking
Batting: RHB Roberto Solís 0-0: Ball
1-0: Foul Ball, location: 2F
1-1: Ground out 6-3 (Groundball, 6)
Batting: RHB Júlio Valdés 0-0: Called Strike
0-1: Ball
1-1: Called Strike
1-2: Fly out, F9 (Flyball, 9M)
Top of the 2nd over - 0 run(s), 0 hit(s), 0 error(s), 0 left on base; Bemidji 0 - Plumstead 0
BOTTOM OF THE 2ND
Plumstead Eagles batting - Pitching for Bemidji Benders : LHP David Taylor
Batting: SHB Nate Rhodes 0-0: Called Strike
0-1: Swinging Strike
0-2: Ball
1-2: Ball
2-2: Foul Ball, location: 2F
2-2: Ball
3-2: Strikes out looking
Batting: RHB Juan Magdayao 0-0: Ball
1-0: Fly out, F8 (Line Drive, 8RD)
Batting: RHB David Moran 0-0: Foul Ball, location: 2F
0-1: Swinging Strike
0-2: Ball
1-2: Strikes out swinging
Bottom of the 2nd over - 0 run(s), 0 hit(s), 0 error(s), 0 left on base; Bemidji 0 - Plumstead 0
TOP OF THE 3RD
Bemidji Benders batting - Pitching for Plumstead Eagles : LHP Armando Rodríguez
Batting: SHB José Cruz 0-0: Called Strike
0-1: Ground out U3 (Groundball, 3S)
Batting: RHB António López 0-0: Swinging Strike
0-1: Fly out, F8 (Line Drive, 8RM)
Batting: RHB Juan Costello 0-0: Called Strike
0-1: Ball
1-1: Foul Ball, location: 2F
1-2: Foul Ball, location: 2F
1-2: Ball
2-2: Strikes out looking
Top of the 3rd over - 0 run(s), 0 hit(s), 0 error(s), 0 left on base; Bemidji 0 - Plumstead 0
BOTTOM OF THE 3RD
Plumstead Eagles batting - Pitching for Bemidji Benders : LHP David Taylor
Batting: RHB Donald Sanford 0-0: Called Strike
0-1: Foul Ball, location: 2F
0-2: Strikes out swinging
Batting: RHB Louis Smith 0-0: Ball
1-0: Called Strike
1-1: Ball
2-1: Foul Ball, location: 2F
2-2: Fly out, F7 (Flyball, 7M)
Batting: RHB Tim Gardner 0-0: SINGLE (Groundball, 4M)
Batting: RHB Norogumi Tanaka 0-0: Foul Ball, location: 2F
0-1: Called Strike
0-2: Fielders Choice at 2nd, U6 (Groundball, 6M)
Bottom of the 3rd over - 0 run(s), 1 hit(s), 0 error(s), 1 left on base; Bemidji 0 - Plumstead 0
TOP OF THE 4TH
Bemidji Benders batting - Pitching for Plumstead Eagles : LHP Armando Rodríguez
Batting: SHB Edgardo Osorio 0-0: Called Strike
0-1: Foul Ball, location: 2F
0-2: Foul Ball, location: 2F
0-2: Strikes out swinging
Batting: RHB Alfredo López 0-0: Ball
1-0: Swinging Strike
1-1: Ball
2-1: DOUBLE (Flyball, 78D)
Batting: RHB Ángel Garza 0-0: Ball
1-0: Called Strike
1-1: Foul Ball, location: 2F
1-2: Strikes out swinging
Batting: RHB George Cox 0-0: Ball
1-0: Called Strike
1-1: Ball
2-1: Ball
3-1: Foul Ball, location: 2F
3-2: Foul Ball, location: 2F
3-2: Foul Ball, location: 2F
3-2: Base on Balls
Batting: RHB Roberto Solís 0-0: Fielders Choice at 2nd, 6-4 (Groundball, 6)
Top of the 4th over - 0 run(s), 1 hit(s), 0 error(s), 1 left on base; Bemidji 0 - Plumstead 0
BOTTOM OF THE 4TH
Plumstead Eagles batting - Pitching for Bemidji Benders : LHP David Taylor
Batting: LHB Eduardo Rodríguez 0-0: Ball
1-0: Ball
2-0: Ball
3-0: TRIPLE (Line Drive, 9LM)
Batting: RHB Germano Labrego 0-0: Ball
1-0: Called Strike
1-1: Ball
2-1: Swinging Strike
2-2: Foul Ball, location: 2F
2-2: Strikes out looking
Batting: SHB Nate Rhodes 0-0: Swinging Strike
0-1: Called Strike
0-2: SINGLE (Groundball, 3S) (infield hit)
Eduardo Rodríguez scores
Batting: RHB Juan Magdayao 0-0: Ball
1-0: Called Strike
1-1: Fly out, F8 (Flyball, 8RM)
Batting: RHB David Moran 0-0: Ball
1-0: Ball
2-0: Ball
3-0: Called Strike
3-1: Called Strike
3-2: Base on Balls
Nate Rhodes to second
Batting: RHB Donald Sanford 0-0: Ball
1-0: Foul Ball, location: 2F
1-1: SINGLE (Line Drive, 5L)
Nate Rhodes to third
David Moran to second
Runner from 3rd tries for Home, SAFE, no throw or cutoff
Batting: RHB Louis Smith 0-0: Ground out 6-3 (Groundball, 6)
Bottom of the 4th over - 2 run(s), 3 hit(s), 0 error(s), 2 left on base; Bemidji 0 - Plumstead 2
TOP OF THE 5TH
Bemidji Benders batting - Pitching for Plumstead Eagles : LHP Armando Rodríguez
Batting: RHB Júlio Valdés 0-0: Ground out 6-3 (Groundball, 6M)
Batting: SHB José Cruz 0-0: Fly out, F7 (Flyball, 7LMF)
Batting: RHB António López 0-0: Fly out, F9 (Flyball, 9LS)
Top of the 5th over - 0 run(s), 0 hit(s), 0 error(s), 0 left on base; Bemidji 0 - Plumstead 2
BOTTOM OF THE 5TH
Plumstead Eagles batting - Pitching for Bemidji Benders : LHP David Taylor
Batting: RHB Tim Gardner 0-0: Swinging Strike
0-1: Called Strike
0-2: DOUBLE (Line Drive, 89M)
Batting: RHB Norogumi Tanaka 0-0: Ball
1-0: Ball
2-0: Called Strike
2-1: Foul Ball, location: 2F
2-2: Foul Ball, location: 2F
2-2: Ball
3-2: Base on Balls
Batting: LHB Eduardo Rodríguez 0-0: Ball
1-0: Ground out 3-1 (Groundball, 34)
Tim Gardner to third
Norogumi Tanaka to second
Batting: RHB Germano Labrego 0-0: Ball
1-0: Ball
2-0: Ball
3-0: Called Strike
3-1: Called Strike
3-2: Strikes out swinging
Batting: SHB Nate Rhodes 0-0: Ball
1-0: Called Strike
1-1: Called Strike
1-2: Strikes out swinging
Bottom of the 5th over - 0 run(s), 1 hit(s), 0 error(s), 2 left on base; Bemidji 0 - Plumstead 2
TOP OF THE 6TH
Bemidji Benders batting - Pitching for Plumstead Eagles : LHP Armando Rodríguez
Batting: RHB Juan Costello 0-0: Ball
1-0: Ball
2-0: Ball
3-0: Called Strike
Reached via error on a dropped throw, E3
Batting: SHB Edgardo Osorio 0-0: Ball
1-0: Foul Ball, location: 2F
1-1: Foul Ball, location: 2F
1-2: Ball
Juan Costello steals 2nd base
2-2: Foul Ball, location: 2F
2-2: Strikes out looking
Batting: RHB Alfredo López 0-0: Ball
1-0: Ball
Throwing error on steal attempt, E2
Juan Costello scores
2-0: Swinging Strike
2-1: Foul Ball, location: 2F
2-2: Ball
3-2: Strikes out swinging
Batting: RHB Ángel Garza 0-0: Called Strike
0-1: Ball
1-1: Ball
2-1: Foul Ball, location: 2F
2-2: Strikes out swinging
Top of the 6th over - 1 run(s), 0 hit(s), 2 error(s), 0 left on base; Bemidji 1 - Plumstead 2
BOTTOM OF THE 6TH
Plumstead Eagles batting - Pitching for Bemidji Benders : LHP David Taylor
Batting: RHB Juan Magdayao 0-0: Ball
1-0: Ground out 6-3 (Groundball, 6MS)
Pitching: RHP José De La Cruz
Batting: RHB David Moran 0-0: Ball
1-0: Foul Ball, location: 2F
1-1: Fly out, F8 (Flyball, 8LXD)
Batting: RHB Donald Sanford 0-0: Ball
1-0: Ball
2-0: Foul Ball, location: 2F
2-1: Ground out 6-3 (Groundball, 6)
Bottom of the 6th over - 0 run(s), 0 hit(s), 0 error(s), 0 left on base; Bemidji 1 - Plumstead 2
TOP OF THE 7TH
Bemidji Benders batting - Pitching for Plumstead Eagles : LHP Armando Rodríguez
Pitching: RHP Coy Torres
Batting: RHB George Cox 0-0: DOUBLE (Line Drive, 3L)
Batting: RHB Roberto Solís 0-0: Fly out, F8 (Flyball, 8LM)
Pinch Hitting: RHB Gabriel Stout 0-0: Ball
1-0: Ground out 6-3 (Groundball, 6)
Batting: SHB José Cruz 0-0: Called Strike
0-1: Ball
1-1: Ball
2-1: Ball
3-1: Foul Ball, location: 2F
3-2: Base on Balls
Batting: RHB António López 0-0: Foul Ball, location: 2F
0-1: Ball
Balk!
George Cox to third
José Cruz to second
1-1: Ground out 4-3 (Groundball, 4)
Top of the 7th over - 0 run(s), 1 hit(s), 0 error(s), 2 left on base; Bemidji 1 - Plumstead 2
BOTTOM OF THE 7TH
Plumstead Eagles batting - Pitching for Bemidji Benders : RHP José De La Cruz
Now in LF: Jesús Raugel
Batting: RHB Louis Smith 0-0: Called Strike
0-1: Ground out 6-3 (Groundball, 6)
Batting: RHB Tim Gardner 0-0: SINGLE (Line Drive, 34D)
Pinch Hitting: LHB Richard Henry 0-0: Ball
1-0: Fly out, F9 (Line Drive, 89S)
Batting: LHB Eduardo Rodríguez 0-0: Ball
1-0: Ball
2-0: Called Strike
2-1: Ball
3-1: Base on Balls
Tim Gardner to second
Batting: RHB Germano Labrego 0-0: Swinging Strike
0-1: Swinging Strike
0-2: Ground out 4-3 (Groundball, 4)
Bottom of the 7th over - 0 run(s), 1 hit(s), 0 error(s), 2 left on base; Bemidji 1 - Plumstead 2
TOP OF THE 8TH
Bemidji Benders batting - Pitching for Plumstead Eagles : RHP Coy Torres
Now in CF: Richard Henry
Batting: RHB Juan Costello 0-0: Foul Ball, location: 2F
0-1: Foul Ball, location: 2F
0-2: Ball
1-2: Ball
2-2: Ground out 6-3 (Groundball, 6M)
Pitching: LHP Pat Bruce
Batting: SHB Edgardo Osorio 0-0: Ball
1-0: Ball
2-0: Ball
3-0: Called Strike
3-1: Ground out 1-3 (Groundball, 25)
Batting: RHB Alfredo López 0-0: Ball
1-0: Reached on Error, E4 (Popup, 3)
Pinch Runner at 1st Raúl Morales:
Batting: RHB Ángel Garza 0-0: SINGLE (Line Drive, 8LS)
Raúl Morales to second
Pinch Hitting: RHB Manny Ramírez 0-0: Called Strike
0-1: Ball
1-1: Foul Ball, location: 2F
1-2: Foul Ball, location: 2F
1-2: Strikes out swinging
Top of the 8th over - 0 run(s), 1 hit(s), 1 error(s), 2 left on base; Bemidji 1 - Plumstead 2
BOTTOM OF THE 8TH
Plumstead Eagles batting - Pitching for Bemidji Benders : RHP José De La Cruz
Now at 3B: Raúl Morales
Now in CF: Manny Ramírez
Batting: SHB Nate Rhodes 0-0: DOUBLE (Groundball, 5L)
Batting: RHB Juan Magdayao 0-0: Ball
1-0: Ball
2-0: Called Strike
2-1: Ball
3-1: Swinging Strike
3-2: Strikes out swinging
Pitching: RHP Manuel Cordero
Batting: RHB David Moran 0-0: Foul Ball, location: 2F
0-1: Ball
1-1: Foul Ball, location: 2F
1-2: Foul Ball, location: 2F
1-2: Foul Ball, location: 2F
1-2: Ground out 4-3 (Groundball, 4)
Nate Rhodes to third
Batting: RHB Donald Sanford 0-0: SINGLE (Groundball, 6D)
Nate Rhodes scores
Batting: RHB Louis Smith 0-0: SINGLE (Line Drive, 6M)
Donald Sanford to second
Runner from 2nd tries for 3rd, OUT!
Bottom of the 8th over - 1 run(s), 3 hit(s), 0 error(s), 1 left on base; Bemidji 1 - Plumstead 3
TOP OF THE 9TH
Bemidji Benders batting - Pitching for Plumstead Eagles : LHP Pat Bruce
Pitching: RHP Iván Márquez
Now at SS: Pablo Villarreal
Batting: RHB Roberto Solís 0-0: Ball
1-0: Ball
2-0: Foul Ball, location: 2F
2-1: Called Strike
2-2: Foul Ball, location: 2F
2-2: Foul Ball, location: 2F
2-2: Strikes out swinging
Batting: LHB Jesús Raugel 0-0: Swinging Strike
0-1: Foul Ball, location: 2F
0-2: Strikes out looking
Batting: SHB José Cruz 0-0: Ball
1-0: Ball
2-0: Ball
3-0: Called Strike
3-1: Called Strike
3-2: Foul Ball, location: 2F
3-2: Strikes out swinging
Top of the 9th over - 0 run(s), 0 hit(s), 0 error(s), 0 left on base; Bemidji 1 - Plumstead 3
This league is powered by Out of the Park Baseball, the baseball management simulation game for PC, Mac and Linux
Wednesday, December 2nd, 2015 - OOTP Baseball 16.8 Build 38